SAA
LANNISTER UNITED LIONHEARTS @ ATHLETIC CLUB KC ACADEMY
05/11/2031
 
TOP OF THE 1ST
Lannister United Lionhearts batting - Pitching for Athletic Club KC Academy : LHP Mike Truk
Pitching: LHP Mike Truk
Batting: RHB Breanainn Swartwood 0-0: Ball
1-0: Foul Ball, location: 2F
1-1: Foul Ball, location: 2F
1-2: Strikes out looking
Batting: RHB Juan López 0-0: Called Strike
0-1: Ball
1-1: SINGLE (Line Drive, 8RS)
Batting: RHB Cristo Cuervo 0-0: DOUBLE (Line Drive, 78M)
Juan López to third
Runner from 3rd tries for Home, SAFE, no throw
Batting: RHB Manny García 0-0: Ball
1-0: Ball
2-0: SINGLE (Groundball, 6S) (infield hit)
Cristo Cuervo to third
Batting: RHB Carlos Pacheco 0-0: Ball
1-0: Called Strike
1-1: Ball
2-1: Ball
3-1: Ground out 4-3 (Groundball, 34D)
Cristo Cuervo scores
Manny García to second
Batting: RHB Riley Walker 0-0: Ball
1-0: Called Strike
Manny García steals 3rd base
1-1: Ball
2-1: Foul Ball, location: 2F
2-2: Foul Ball, location: 2F
2-2: Ground out 3-1 (Groundball, 34)
Top of the 1st over - 2 runs, 3 hits, 0 errors, 1 left on base; Lannister United 2 - Athletic Club KC Academy 0
BOTTOM OF THE 1ST
Athletic Club KC Academy batting - Pitching for Lannister United Lionhearts : RHP Currito Melena
Pitching: RHP Currito Melena
Batting: LHB Chi-hun Chong 0-0: Called Strike
0-1: Called Strike
0-2: Strikes out swinging
Batting: RHB Colin Bottone 0-0: Fly out, F8 (Flyball, 8RXD)
Batting: LHB Abdallah Rweikiza 0-0: Ball
1-0: Called Strike
1-1: Swinging Strike
1-2: Strikes out swinging
Bottom of the 1st over - 0 runs, 0 hits, 0 errors, 0 left on base; Lannister United 2 - Athletic Club KC Academy 0
TOP OF THE 2ND
Lannister United Lionhearts batting - Pitching for Athletic Club KC Academy : LHP Mike Truk
Batting: SHB Vernon T. Waldrip 0-0: Called Strike
0-1: Ball
1-1: Ball
2-1: Ball
3-1: SINGLE (Groundball, 34D)
Batting: RHB Víctor Cuevas 0-0: Called Strike
0-1: Ball
1-1: Ball
2-1: Ball
3-1: Base on Balls
Vernon T. Waldrip to second
Batting: SHB Sean Scheetz 0-0: Grounds into double play, 4-6-3 (Groundball, 4)
Vernon T. Waldrip to third
Batting: RHB Breanainn Swartwood 0-0: SINGLE (Groundball, 6D)
Vernon T. Waldrip scores
Batting: RHB Juan López 0-0: Ball
1-0: Fly out, F9 (Flyball, 9S)
Top of the 2nd over - 1 run, 2 hits, 0 errors, 1 left on base; Lannister United 3 - Athletic Club KC Academy 0
BOTTOM OF THE 2ND
Athletic Club KC Academy batting - Pitching for Lannister United Lionhearts : RHP Currito Melena
Batting: LHB Kwang-chih Feng 0-0: Called Strike
0-1: Ground out 5-3 (Groundball, 5)
Batting: RHB Arturo Annunziato 0-0: Ball
1-0: Ball
2-0: Swinging Strike
2-1: Foul Ball, location: 2F
2-2: Foul Ball, location: 2F
2-2: Fly out, F8 (Flyball, 8RD)
Batting: LHB Takayuki Yoshikawa 0-0: Called Strike
0-1: Ball
1-1: Ball
2-1: Called Strike
2-2: Fly out, F7 (Flyball, 7)
Bottom of the 2nd over - 0 runs, 0 hits, 0 errors, 0 left on base; Lannister United 3 - Athletic Club KC Academy 0
TOP OF THE 3RD
Lannister United Lionhearts batting - Pitching for Athletic Club KC Academy : LHP Mike Truk
Batting: RHB Cristo Cuervo 0-0: Ball
1-0: Ground out 6-3 (Groundball, 6)
Batting: RHB Manny García 0-0: Called Strike
0-1: Foul Ball, location: 2F
0-2: Reached on error, E7 (Flyball, 7S)
Batting: RHB Carlos Pacheco Pickoff Throw to First - Error! E1
Manny García to second
0-0: Called Strike
0-1: Ball
1-1: Ground out 4-3 (Groundball, 4M)
Manny García to third
Batting: RHB Riley Walker 0-0: Called Strike
0-1: Ball
1-1: Ball
2-1: Ball
3-1: Ground out 1-3 (Groundball, 13S)
Top of the 3rd over - 0 runs, 0 hits, 2 errors, 1 left on base; Lannister United 3 - Athletic Club KC Academy 0
BOTTOM OF THE 3RD
Athletic Club KC Academy batting - Pitching for Lannister United Lionhearts : RHP Currito Melena
Batting: RHB Dewey Nauss 0-0: Reached on error, E6 (Groundball, 6M)
Batting: RHB Chee-hwa Tze 0-0: Called Strike
0-1: SINGLE (Line Drive, 6D)
Dewey Nauss to second
Batting: RHB Troy Whitehurst 0-0: Foul Ball, location: 2F
0-1: Called Strike
0-2: Ball
1-2: Foul Ball, location: 2F
1-2: Ball
2-2: Ball
3-2: 3-RUN HOME RUN (Flyball, 7LD), Distance : 341 ft
Batting: LHB Chi-hun Chong 0-0: Ball
1-0: Ball
2-0: Ball
3-0: Called Strike
3-1: Foul Ball, location: 2F
3-2: Reached on error, E6 (Groundball, 6)
Batting: RHB Colin Bottone 0-0: Foul Ball, location: 2F
0-1: Foul Ball, location: 2F
0-2: Fly out, F8 (Line Drive, 89M)
Batting: LHB Abdallah Rweikiza 0-0: Called Strike
0-1: Fly out, F8 (Flyball, 8RS)
Batting: LHB Kwang-chih Feng 0-0: Foul Ball, location: 2F
0-1: Ball
1-1: Ball
2-1: Ball
3-1: Called Strike
3-2: Ground out 6-3 (Groundball, 6)
Bottom of the 3rd over - 3 runs, 2 hits, 2 errors, 1 left on base; Lannister United 3 - Athletic Club KC Academy 3
TOP OF THE 4TH
Lannister United Lionhearts batting - Pitching for Athletic Club KC Academy : LHP Mike Truk
Batting: SHB Vernon T. Waldrip 0-0: Ball
1-0: Swinging Strike
1-1: Called Strike
1-2: Ball
2-2: Ball
3-2: Foul Ball, location: 2F
3-2: Ground out 4-3 (Groundball, 4)
Batting: RHB Víctor Cuevas 0-0: Ball
1-0: Swinging Strike
1-1: Fly out, F1 (Line Drive, 13)
Batting: SHB Sean Scheetz 0-0: Foul Ball, location: 2F
0-1: Ball
1-1: Ball
2-1: Called Strike
2-2: Ground out U3 (Groundball, 34)
Top of the 4th over - 0 runs, 0 hits, 0 errors, 0 left on base; Lannister United 3 - Athletic Club KC Academy 3
BOTTOM OF THE 4TH
Athletic Club KC Academy batting - Pitching for Lannister United Lionhearts : RHP Currito Melena
Batting: RHB Arturo Annunziato 0-0: Ball
1-0: Ball
2-0: Called Strike
2-1: Foul Ball, location: 2F
2-2: Foul Ball, location: 2F
2-2: Foul Ball, location: 2F
2-2: Ball
3-2: Foul Ball, location: 2F
3-2: Fly out, F8 (Flyball, 78D)
Batting: LHB Takayuki Yoshikawa 0-0: Ball
1-0: Foul Ball, location: 2F
1-1: Foul Ball, location: 2F
1-2: Strikes out looking
Batting: RHB Dewey Nauss 0-0: Called Strike
0-1: Ball
1-1: Ground out 6-3 (Groundball, 6)
Bottom of the 4th over - 0 runs, 0 hits, 0 errors, 0 left on base; Lannister United 3 - Athletic Club KC Academy 3
TOP OF THE 5TH
Lannister United Lionhearts batting - Pitching for Athletic Club KC Academy : LHP Mike Truk
Batting: RHB Breanainn Swartwood 0-0: Ball
1-0: Ball
2-0: Called Strike
2-1: SINGLE (Groundball, 6MD)
Batting: RHB Juan López 0-0: Bunted foul
0-1: Bunted foul
0-2: Foul Ball, location: 2F
0-2: Foul Ball, location: 2F
0-2: Foul Ball, location: 2F
0-2: Ball
1-2: Foul Ball, location: 2F
1-2: Ball
2-2: DOUBLE (Line Drive, 9D)
Breanainn Swartwood to third
Batting: RHB Cristo Cuervo 0-0: Swinging Strike
0-1: Ball
1-1: DOUBLE (Line Drive, 89D)
Breanainn Swartwood scores
Juan López scores
Batting: RHB Manny García 0-0: Swinging Strike
0-1: Called Strike
0-2: Ball
1-2: Strikes out swinging
Batting: RHB Carlos Pacheco 0-0: Ball
1-0: Fly out, F8 (Flyball, 8RD)
Batting: RHB Riley Walker 0-0: Fly out, F9 (Flyball, 9)
Top of the 5th over - 2 runs, 3 hits, 0 errors, 1 left on base; Lannister United 5 - Athletic Club KC Academy 3
BOTTOM OF THE 5TH
Athletic Club KC Academy batting - Pitching for Lannister United Lionhearts : RHP Currito Melena
Batting: RHB Chee-hwa Tze 0-0: Fly out, F9 (Flyball, 9)
Batting: RHB Troy Whitehurst 0-0: Foul Ball, location: 2F
0-1: Ball
1-1: Ball
2-1: Ground out 5-3 (Groundball, 5)
Batting: LHB Chi-hun Chong 0-0: Ball
1-0: Ball
2-0: Foul Ball, location: 2F
2-1: Swinging Strike
2-2: Ground out 4-3 (Groundball, 4)
Bottom of the 5th over - 0 runs, 0 hits, 0 errors, 0 left on base; Lannister United 5 - Athletic Club KC Academy 3
TOP OF THE 6TH
Lannister United Lionhearts batting - Pitching for Athletic Club KC Academy : LHP Mike Truk
Batting: SHB Vernon T. Waldrip 0-0: Ball
1-0: Ground out 4-3 (Groundball, 4)
Batting: RHB Víctor Cuevas 0-0: Ball
1-0: Called Strike
1-1: Ball
2-1: Ball
3-1: Base on Balls
Pitching: RHP Ánibal Acejedo
Batting: SHB Sean Scheetz 0-0: 2-RUN HOME RUN (Flyball, 9LD), Distance : 338 ft
Batting: RHB Breanainn Swartwood 0-0: Called Strike
0-1: Ball
1-1: Ball
2-1: Ball
3-1: Base on Balls
Batting: RHB Juan López 0-0: Ball
1-0: Foul Ball, location: 2F
1-1: Ball
2-1: Swinging Strike
2-2: Ball
3-2: Strikes out swinging
Batting: RHB Cristo Cuervo 0-0: Swinging Strike
0-1: Ball
1-1: Called Strike
1-2: Ball
2-2: Foul Ball, location: 2F
2-2: Strikes out swinging
Top of the 6th over - 2 runs, 1 hit, 0 errors, 1 left on base; Lannister United 7 - Athletic Club KC Academy 3
BOTTOM OF THE 6TH
Athletic Club KC Academy batting - Pitching for Lannister United Lionhearts : RHP Currito Melena
Batting: RHB Colin Bottone 0-0: Ball
1-0: Ball
2-0: Foul Ball, location: 2F
2-1: Ground out 4-3 (Groundball, 4M)
Batting: LHB Abdallah Rweikiza 0-0: SINGLE (Flyball, 8LS)
Batting: LHB Kwang-chih Feng 0-0: Ball
1-0: Ball
2-0: Swinging Strike
2-1: Foul Ball, location: 2F
2-2: Ball
3-2: Foul Ball, location: 2F
3-2: Base on Balls
Abdallah Rweikiza to second
Batting: RHB Arturo Annunziato 0-0: Ball
1-0: Ball
2-0: Ball
3-0: Called Strike
3-1: Called Strike
3-2: Fly out, F9 (Flyball, 9)
Batting: LHB Takayuki Yoshikawa Pickoff Throw to Second - Error! E1
Abdallah Rweikiza to third
Kwang-chih Feng to second
0-0: Ball
1-0: Foul Ball, location: 2F
1-1: SINGLE (Groundball, 6MD)
Abdallah Rweikiza scores
Kwang-chih Feng to third
Runner from 3rd tries for Home, SAFE, throw made home
Pitching: RHP Pak Dong Hyeon
Batting: RHB Dewey Nauss 0-0: Called Strike
0-1: Ball
1-1: Ball
2-1: Foul Ball, location: 2F
2-2: Ball
Takayuki Yoshikawa steals 2nd base
3-2: Fly out, F5 (Popup, 56S)
Bottom of the 6th over - 2 runs, 2 hits, 1 error, 1 left on base; Lannister United 7 - Athletic Club KC Academy 5
TOP OF THE 7TH
Lannister United Lionhearts batting - Pitching for Athletic Club KC Academy : RHP Ánibal Acejedo
Batting: RHB Manny García 0-0: Ball
1-0: Ball
2-0: Ball
3-0: Called Strike
3-1: Foul Ball, location: 2F
3-2: Base on Balls
Batting: RHB Carlos Pacheco 0-0: Called Strike
Manny García steals 2nd base
0-1: Foul Ball, location: 2F
0-2: Ground out 5-3 (Groundball, 5)
Batting: RHB Riley Walker 0-0: Ball
Manny García steals 3rd base
1-0: Ball
2-0: Ball
3-0: Called Strike
3-1: Base on Balls
Batting: SHB Vernon T. Waldrip 0-0: Ball
1-0: Ball
2-0: Called Strike
2-1: Swinging Strike
2-2: Foul Ball, location: 2F
2-2: Foul Ball, location: 2F
2-2: Strikes out swinging
Pinch Hitting: LHB Santiago Miranda 0-0: Called Strike
0-1: Ball
1-1: Ball
2-1: Ball
3-1: Base on Balls
Riley Walker to second
Pinch Hitting: RHB Chong-yee Au-Yong 0-0: Ball
1-0: Ball
2-0: Ball
3-0: Base on Balls
Manny García scores
Riley Walker to third
Santiago Miranda to second
Pitching: RHP Kamisese Alohinani
Batting: RHB Breanainn Swartwood 0-0: SINGLE (Line Drive, 9S)
Riley Walker scores
Santiago Miranda to third
Chong-yee Au-Yong to second
Runner from 3rd tries for Home, SAFE, no throw
Batting: RHB Juan López 0-0: Ball
1-0: Ball
2-0: Ball
3-0: Swinging Strike
3-1: Fly out, F8 (Flyball, 8RS)
Top of the 7th over - 3 runs, 1 hit, 0 errors, 2 left on base; Lannister United 10 - Athletic Club KC Academy 5
BOTTOM OF THE 7TH
Athletic Club KC Academy batting - Pitching for Lannister United Lionhearts : RHP Pak Dong Hyeon
Now at 1B: Chong-yee Au-Yong
Now in LF: Santiago Miranda
Batting: RHB Chee-hwa Tze 0-0: Swinging Strike
0-1: Foul Ball, location: 2F
0-2: Ball
1-2: Ball
2-2: Reached on error, E6 (Groundball, 6)
Batting: RHB Troy Whitehurst 0-0: Swinging Strike
0-1: Called Strike
0-2: Ball
1-2: Ball
2-2: Foul Ball, location: 2F
2-2: DOUBLE (Line Drive, 89D)
Chee-hwa Tze to third
Batting: LHB Chi-hun Chong 0-0: Foul Ball, location: 2F
0-1: SINGLE (Groundball, 34S) (infield hit)
Chee-hwa Tze scores
Troy Whitehurst to third
Batting: RHB Colin Bottone 0-0: Called Strike
0-1: Ball
1-1: Ball
2-1: SINGLE (Line Drive, 56D)
Troy Whitehurst scores
Chi-hun Chong to second
Batting: LHB Abdallah Rweikiza 0-0: Ball
1-0: SINGLE (Line Drive, 34D)
Chi-hun Chong to third
Colin Bottone to second
Batting: LHB Kwang-chih Feng 0-0: Ground out 3-1 (Groundball, 3S)
Chi-hun Chong scores
Colin Bottone to third
Abdallah Rweikiza to second
Batting: RHB Arturo Annunziato 0-0: Ball
1-0: Called Strike
1-1: Ground out 4-3 (Groundball, 4S)
Batting: LHB Takayuki Yoshikawa 0-0: Ball
1-0: Swinging Strike
1-1: Ground out 5-3 (Groundball, 56)
Bottom of the 7th over - 3 runs, 4 hits, 1 error, 2 left on base; Lannister United 10 - Athletic Club KC Academy 8
TOP OF THE 8TH
Lannister United Lionhearts batting - Pitching for Athletic Club KC Academy : RHP Kamisese Alohinani
Batting: RHB Cristo Cuervo 0-0: Ball
1-0: Ball
2-0: Ball
3-0: Called Strike
3-1: Foul Ball, location: 2F
3-2: SOLO HOME RUN (Flyball, 7LD), Distance : 336 ft
Batting: RHB Manny García 0-0: Fly out, F4 (Popup, 23)
Batting: RHB Carlos Pacheco 0-0: Ball
1-0: Foul Ball, location: 2F
1-1: Foul Ball, location: 2F
1-2: Strikes out swinging
Batting: RHB Riley Walker 0-0: Foul Ball, location: 2F
0-1: Ball
1-1: Foul Ball, location: 2F
1-2: Foul Ball, location: 2F
1-2: Fly out, F8 (Flyball, 8RD)
Top of the 8th over - 1 run, 1 hit, 0 errors, 0 left on base; Lannister United 11 - Athletic Club KC Academy 8
BOTTOM OF THE 8TH
Athletic Club KC Academy batting - Pitching for Lannister United Lionhearts : RHP Pak Dong Hyeon
Batting: RHB Dewey Nauss 0-0: Ball
1-0: Ball
2-0: Called Strike
2-1: Ball
3-1: Called Strike
3-2: Fly out, F6 (Flyball, 6D)
Batting: RHB Chee-hwa Tze 0-0: Fly out, F6 (Popup, 4MD)
Batting: RHB Troy Whitehurst 0-0: Ball
1-0: Ball
2-0: Swinging Strike
2-1: SINGLE (Groundball, 3D)
Batting: LHB Chi-hun Chong 0-0: Foul Ball, location: 2F
0-1: Ball
1-1: Called Strike
1-2: SINGLE (Groundball, 34D)
Troy Whitehurst to second
Runner from 2nd tries for 3rd, SAFE, no throw
Pitching: RHP Jeff Krause
Batting: RHB Colin Bottone 0-0: Foul Ball, location: 2F
0-1: Called Strike
0-2: Fly out, F7 (Flyball, 7S)
Bottom of the 8th over - 0 runs, 2 hits, 0 errors, 2 left on base; Lannister United 11 - Athletic Club KC Academy 8
TOP OF THE 9TH
Lannister United Lionhearts batting - Pitching for Athletic Club KC Academy : RHP Kamisese Alohinani
Batting: SHB Vernon T. Waldrip 0-0: Called Strike
0-1: Ball
1-1: Called Strike
1-2: Strikes out looking
Batting: LHB Santiago Miranda 0-0: Ball
1-0: Called Strike
1-1: Swinging Strike
1-2: Ball
2-2: Fly out, F7 (Flyball, 7S)
Batting: RHB Chong-yee Au-Yong 0-0: Fly out, F9 (Flyball, 9LSF)
Top of the 9th over - 0 runs, 0 hits, 0 errors, 0 left on base; Lannister United 11 - Athletic Club KC Academy 8
BOTTOM OF THE 9TH
Athletic Club KC Academy batting - Pitching for Lannister United Lionhearts : RHP Jeff Krause
Pitching: RHP Harry Mander
Batting: LHB Abdallah Rweikiza 0-0: Ground out U3 (Groundball, 3S)
Batting: LHB Kwang-chih Feng 0-0: Called Strike
0-1: SINGLE (Line Drive, 56D)
Batting: RHB Arturo Annunziato 0-0: Foul Ball, location: 2F
0-1: SINGLE (Groundball, 13) (infield hit)
Kwang-chih Feng to second
Batting: LHB Takayuki Yoshikawa 0-0: Foul Ball, location: 2F
0-1: Ball
1-1: Fielders Choice at 2nd, 4-6 (Groundball, 4)
Kwang-chih Feng to third
Batting: RHB Dewey Nauss 0-0: Ball
1-0: Called Strike
1-1: Swinging Strike
1-2: Ball
2-2: SINGLE (Groundball, 4MD)
Kwang-chih Feng scores
Takayuki Yoshikawa to second
Batting: RHB Chee-hwa Tze 0-0: Foul Ball, location: 2F
0-1: Called Strike
0-2: Foul Ball, location: 2F
0-2: Ball
1-2: Ball
2-2: Foul Ball, location: 2F
2-2: SINGLE (Groundball, 6D)
Takayuki Yoshikawa to third
Dewey Nauss to second
Batting: RHB Troy Whitehurst 0-0: Ball
1-0: DOUBLE (Line Drive, 7LM)
Takayuki Yoshikawa scores
Dewey Nauss scores
Chee-hwa Tze to third
Runner from 3rd tries for Home, SAFE, no throw
Tuesday, June 12th, 2018 - OOTP Baseball 18.8 Build 76